| TOP OF THE 1ST |
|
Mobile Bears batting - Pitching for Charlotte Hornets : LHP Raul Morales
|
|
Pitching: LHP Raul Morales
|
|
|
Batting: LHB Jeffrey Szczecinski
|
0-0: Ball 1-0: Called Strike 1-1: Swinging Strike 1-2: Strikes out swinging, 2-3 out at first.
|
|
Batting: RHB Bob Hendershot
|
0-0: Ball 1-0: Called Strike 1-1: Swinging Strike 1-2: Ball 2-2: Strikes out swinging
|
|
Batting: LHB Franklin Stubbs
|
0-0: Called Strike 0-1: Foul Ball, location: 2F 0-2: Strikes out swinging
|
| Top of the 1st over - 0 runs, 0 hits, 0 errors, 0 left on base; Mobile 0 - Charlotte 0 |
| BOTTOM OF THE 1ST |
|
Charlotte Hornets batting - Pitching for Mobile Bears : RHP Ruben Nevarez
|
|
Pitching: RHP Ruben Nevarez
|
|
|
Batting: RHB Charles Stafford
|
0-0: Called Strike 0-1: Foul Ball, location: 2F 0-2: Ball 1-2: Strikes out swinging
|
|
Batting: RHB Juan Bonilla
|
0-0: Ball 1-0: Foul Ball, location: 2F 1-1: Fly out, F8 (Flyball, 8RD, EV 91.9 MPH)
|
|
Batting: RHB Ron Johnson
|
0-0: DOUBLE (Line Drive, 9LM, EV 106.3 MPH)
|
|
Batting: RHB Alvaro Espinoza
|
0-0: Called Strike 0-1: Ball 1-1: Ball Passed Ball! Ron Johnson to third 2-1: Reached on error, E4 (Groundball, 4M, EV 108.1 MPH) Ron Johnson scores
|
|
Batting: LHB Steve Macko
|
0-0: Called Strike 0-1: Swinging Strike 0-2: Foul Ball, location: 2F 0-2: Ball 1-2: Ball 2-2: Ball 3-2: 2-RUN HOME RUN (Flyball, 89XD, EV 103.8 MPH), Distance : 385 ft
|
|
Batting: LHB Jesus Diaz
|
0-0: Ground out 4-3 (Groundball, 4M, EV 105.0 MPH)
|
| Bottom of the 1st over - 3 runs, 2 hits, 1 error, 0 left on base; Mobile 0 - Charlotte 3 |
| TOP OF THE 2ND |
|
Mobile Bears batting - Pitching for Charlotte Hornets : LHP Raul Morales
|
|
Batting: SHB Dave Cochrane
|
0-0: Ball 1-0: Ground out 4-3 (Groundball, 34, EV 103.1 MPH)
|
|
Batting: RHB Jose Aguirre
|
0-0: Called Strike 0-1: Foul Ball, location: 2F 0-2: Ball 1-2: Foul Ball, location: 2F 1-2: Fly out, F9 (Line Drive, 9D, EV 91.9 MPH)
|
|
Batting: RHB Rick Stromer
|
0-0: Foul Ball, location: 2F 0-1: Called Strike 0-2: Foul Ball, location: 2F 0-2: Ball 1-2: Foul Ball, location: 2F 1-2: Foul Ball, location: 2F 1-2: Fly out, F8 (Line Drive, 8LM, EV 99.4 MPH)
|
| Top of the 2nd over - 0 runs, 0 hits, 0 errors, 0 left on base; Mobile 0 - Charlotte 3 |
| BOTTOM OF THE 2ND |
|
Charlotte Hornets batting - Pitching for Mobile Bears : RHP Ruben Nevarez
|
|
Batting: SHB Jose Mota
|
0-0: Ball 1-0: Ball 2-0: Foul Ball, location: 2F 2-1: Swinging Strike 2-2: Ground out 5-3 (Groundball, 5, EV 89.4 MPH)
|
|
Batting: RHB John O'Rear
|
0-0: Ball 1-0: Ground out 3-1 (Groundball, 34, EV 90.6 MPH)
|
|
Batting: RHB Reggie Baldwin
|
0-0: Ball 1-0: SINGLE (Groundball, 6MD, EV 110.0 MPH)
|
|
Batting: RHB Charles Stafford
|
0-0: Foul Ball, location: 2F 0-1: Swinging Strike 0-2: Strikes out looking
|
| Bottom of the 2nd over - 0 runs, 1 hit, 0 errors, 1 left on base; Mobile 0 - Charlotte 3 |
| TOP OF THE 3RD |
|
Mobile Bears batting - Pitching for Charlotte Hornets : LHP Raul Morales
|
|
Batting: RHB Alfred Welch
|
0-0: Foul Ball, location: 2F 0-1: Ball 1-1: Foul Ball, location: 2F 1-2: Strikes out swinging
|
|
Batting: RHB Walter Steele
|
0-0: Called Strike 0-1: Foul Ball, location: 2F 0-2: SINGLE (Line Drive, 56D, EV 101.9 MPH)
|
|
Batting: RHB Jim Opie
|
0-0: Called Strike 0-1: Ball 1-1: Ball 2-1: Ball 3-1: Base on Balls Walter Steele to second
|
|
Batting: LHB Jeffrey Szczecinski
|
0-0: TRIPLE (Flyball, 78XD, EV 102.5 MPH) Walter Steele scores Jim Opie scores
|
|
Batting: RHB Bob Hendershot
|
0-0: Called Strike 0-1: Called Strike 0-2: Strikes out swinging
|
|
Batting: LHB Franklin Stubbs
|
0-0: Ball 1-0: Ball 2-0: Ball 3-0: Called Strike 3-1: Base on Balls
|
|
Batting: SHB Dave Cochrane
|
0-0: Called Strike 0-1: SINGLE (Flyball, 3D, EV 83.8 MPH) Jeffrey Szczecinski scores Franklin Stubbs to second Runner from 2nd tries for 3rd, SAFE, throw by RF made to third
|
|
Batting: RHB Jose Aguirre
|
0-0: Swinging Strike 0-1: Ball 1-1: Foul Ball, location: 2F 1-2: Foul Ball, location: 2F 1-2: Ball 2-2: Ball 3-2: Ground out 6-3 (Groundball, 6, EV 90.6 MPH)
|
| Top of the 3rd over - 3 runs, 3 hits, 0 errors, 2 left on base; Mobile 3 - Charlotte 3 |
| BOTTOM OF THE 3RD |
|
Charlotte Hornets batting - Pitching for Mobile Bears : RHP Ruben Nevarez
|
|
Batting: RHB Juan Bonilla
|
0-0: Swinging Strike 0-1: Ball 1-1: Ball 2-1: Foul Ball, location: 2F 2-2: Ground out 5-3 (Groundball, 56S, EV 90.0 MPH)
|
|
Batting: RHB Ron Johnson
|
0-0: SINGLE (Groundball, 56D, EV 101.9 MPH) (infield hit)
|
|
Batting: RHB Alvaro Espinoza
|
0-0: Ball 1-0: Ball 2-0: Called Strike 2-1: Fly out, F7 (Flyball, 7S, EV 75.6 MPH)
|
|
Batting: LHB Steve Macko
|
0-0: Ball 1-0: Fielders Choice at 2nd, 5-4 (Groundball, 5, EV 80.0 MPH)
|
| Bottom of the 3rd over - 0 runs, 1 hit, 0 errors, 1 left on base; Mobile 3 - Charlotte 3 |
| TOP OF THE 4TH |
|
Mobile Bears batting - Pitching for Charlotte Hornets : LHP Raul Morales
|
|
Batting: RHB Rick Stromer
|
0-0: Ball 1-0: Called Strike 1-1: Foul Ball, location: 2F 1-2: Foul Ball, location: 2F 1-2: Ball 2-2: Strikes out swinging
|
|
Batting: RHB Alfred Welch
|
0-0: Ground out 6-3 (Groundball, 6, EV 80.6 MPH)
|
|
Batting: RHB Walter Steele
|
0-0: Swinging Strike 0-1: Called Strike 0-2: Ball 1-2: Strikes out swinging
|
| Top of the 4th over - 0 runs, 0 hits, 0 errors, 0 left on base; Mobile 3 - Charlotte 3 |
| BOTTOM OF THE 4TH |
|
Charlotte Hornets batting - Pitching for Mobile Bears : RHP Ruben Nevarez
|
|
Batting: LHB Jesus Diaz
|
0-0: Ball 1-0: Foul Ball, location: 2F 1-1: Foul Ball, location: 2F 1-2: Fly out, F5 (Line Drive, 5, EV 73.8 MPH)
|
|
Batting: SHB Jose Mota
|
0-0: Ball 1-0: Ball 2-0: Foul Ball, location: 2F 2-1: Ground out U3 (Groundball, 34, EV 75.6 MPH)
|
|
Batting: RHB John O'Rear
|
0-0: SINGLE (Groundball, 6MS, EV 62.5 MPH) (infield hit)
|
|
Batting: RHB Reggie Baldwin
|
0-0: Called Strike John O'Rear is caught stealing 2nd base 2-4
|
| Bottom of the 4th over - 0 runs, 1 hit, 0 errors, 0 left on base; Mobile 3 - Charlotte 3 |
| TOP OF THE 5TH |
|
Mobile Bears batting - Pitching for Charlotte Hornets : LHP Raul Morales
|
|
Batting: RHB Jim Opie
|
0-0: SINGLE (Groundball, 6MD, EV 101.9 MPH)
|
|
Batting: LHB Jeffrey Szczecinski
|
0-0: Called Strike 0-1: Ball 1-1: Ball 2-1: Called Strike 2-2: Ball 3-2: Base on Balls Jim Opie to second
|
|
Batting: RHB Bob Hendershot
|
0-0: Ball 1-0: Ball 2-0: Reached on error, E1 (Groundball, 15, EV 68.1 MPH) Jim Opie to third Jeffrey Szczecinski to second
|
|
Batting: LHB Franklin Stubbs
|
0-0: Foul Ball, location: 2F 0-1: Ball 1-1: Foul Ball, location: 2F 1-2: Ball 2-2: Foul Ball, location: 2F 2-2: DOUBLE (Groundball, 5L, EV 109.4 MPH) Jim Opie scores Jeffrey Szczecinski scores Bob Hendershot to third
|
|
Pitching: RHP Dale Mohorcic
|
|
|
Batting: SHB Dave Cochrane
|
0-0: Ball 1-0: Called Strike 1-1: Foul Ball, location: 2F 1-2: Foul Ball, location: 2F 1-2: Fly out, F8 (Flyball, 8LD, EV 103.8 MPH) Runner from 3rd tags up, SCORES, throw by CF
|
|
Batting: RHB Jose Aguirre
|
0-0: Ball 1-0: Called Strike 1-1: Ball 2-1: Ground out 6-3 (Groundball, 6MS, EV 71.3 MPH) Franklin Stubbs to third
|
|
Batting: RHB Rick Stromer
|
0-0: Ball 1-0: Foul Ball, location: 2F 1-1: Swinging Strike 1-2: Ball 2-2: Foul Ball, location: 2F 2-2: Fly out, F9 (Flyball, 9S, EV 73.1 MPH)
|
| Top of the 5th over - 3 runs, 2 hits, 1 error, 1 left on base; Mobile 6 - Charlotte 3 |
| BOTTOM OF THE 5TH |
|
Charlotte Hornets batting - Pitching for Mobile Bears : RHP Ruben Nevarez
|
|
Batting: RHB Reggie Baldwin
|
0-0: Called Strike 0-1: Called Strike 0-2: Ground out 5-3 (Groundball, 56, EV 81.9 MPH)
|
|
Batting: RHB Charles Stafford
|
0-0: Ball 1-0: Ball 2-0: Called Strike 2-1: Foul Ball, location: 2F 2-2: Ball 3-2: SINGLE (Groundball, P, EV 92.5 MPH) (infield hit)
|
|
Batting: RHB Juan Bonilla
|
0-0: Called Strike 0-1: Ball 1-1: Called Strike 1-2: Ball 2-2: Ball 3-2: Foul Ball, location: 2F 3-2: Foul Ball, location: 2F 3-2: Fly out, F9 (Flyball, 9S, EV 91.3 MPH)
|
|
Batting: RHB Ron Johnson
|
0-0: Called Strike 0-1: Ground out 2-3 (Groundball, 15S, EV 66.3 MPH)
|
| Bottom of the 5th over - 0 runs, 1 hit, 0 errors, 1 left on base; Mobile 6 - Charlotte 3 |
| TOP OF THE 6TH |
|
Mobile Bears batting - Pitching for Charlotte Hornets : RHP Dale Mohorcic
|
|
Batting: RHB Alfred Welch
|
0-0: Called Strike 0-1: Ball 1-1: Foul Ball, location: 2F 1-2: Fly out, F4 (Popup, 23, EV 89.4 MPH)
|
|
Batting: RHB Walter Steele
|
0-0: Ball 1-0: Swinging Strike 1-1: Ball 2-1: Ball 3-1: Fly out, F8 (Line Drive, 8LM, EV 106.9 MPH)
|
|
Batting: RHB Jim Opie
|
0-0: Called Strike 0-1: Foul Ball, location: 2F 0-2: Strikes out swinging
|
| Top of the 6th over - 0 runs, 0 hits, 0 errors, 0 left on base; Mobile 6 - Charlotte 3 |
| BOTTOM OF THE 6TH |
|
Charlotte Hornets batting - Pitching for Mobile Bears : RHP Ruben Nevarez
|
|
Batting: RHB Alvaro Espinoza
|
0-0: Fly out, F8 (Flyball, 8RM, EV 87.5 MPH)
|
|
Batting: LHB Steve Macko
|
0-0: SINGLE (Groundball, 56D, EV 96.3 MPH)
|
|
Batting: LHB Jesus Diaz
|
0-0: Ball 1-0: Hit by Pitch Steve Macko to second
|
|
Batting: SHB Jose Mota
|
0-0: Ball 1-0: Ball 2-0: Ball 3-0: DOUBLE (Line Drive, 89M, EV 94.4 MPH) Steve Macko scores Jesus Diaz to third Runner from 3rd tries for Home, SAFE, throw by CF to home
|
|
Batting: RHB John O'Rear
|
0-0: Fly out, F7 (Flyball, 78S, EV 80.6 MPH)
|
|
Batting: RHB Reggie Baldwin
|
0-0: Foul Ball, location: 2F 0-1: Ball 1-1: Ball 2-1: Foul Ball, location: 2F 2-2: Fly out, F8 (Line Drive, 8LM, EV 108.8 MPH)
|
| Bottom of the 6th over - 2 runs, 2 hits, 0 errors, 1 left on base; Mobile 6 - Charlotte 5 |
| TOP OF THE 7TH |
|
Mobile Bears batting - Pitching for Charlotte Hornets : RHP Dale Mohorcic
|
|
Batting: LHB Jeffrey Szczecinski
|
0-0: Ball 1-0: Swinging Strike 1-1: Fly out, F8 (Flyball, 8RD, EV 99.4 MPH)
|
|
Batting: RHB Bob Hendershot
|
0-0: Ball 1-0: Fly out, F8 (Flyball, 8LXD, EV 102.5 MPH)
|
|
Batting: LHB Franklin Stubbs
|
0-0: Ball 1-0: Fly out, F6 (Flyball, 56D, EV 80.0 MPH)
|
| Top of the 7th over - 0 runs, 0 hits, 0 errors, 0 left on base; Mobile 6 - Charlotte 5 |
| BOTTOM OF THE 7TH |
|
Charlotte Hornets batting - Pitching for Mobile Bears : RHP Ruben Nevarez
|
|
Batting: RHB Charles Stafford
|
0-0: Called Strike 0-1: Ball 1-1: Foul Ball, location: 2F 1-2: Ball 2-2: Strikes out swinging
|
|
Batting: RHB Juan Bonilla
|
0-0: Called Strike 0-1: Ground out 4-3 (Groundball, 4, EV 86.3 MPH)
|
|
Batting: RHB Ron Johnson
|
0-0: Ball 1-0: Swinging Strike 1-1: Ball 2-1: Ball 3-1: Base on Balls
|
|
Batting: RHB Alvaro Espinoza
|
0-0: Ball 1-0: Ball 2-0: Ball 3-0: Base on Balls Ron Johnson to second
|
|
Pitching: RHP Randy Ramirez
|
|
|
Batting: LHB Steve Macko
|
0-0: SINGLE (Line Drive, 78M, EV 109.4 MPH) Ron Johnson to third Alvaro Espinoza to second Runner from 3rd tries for Home, SAFE, throw by LF to home
|
|
Batting: LHB Jesus Diaz
|
0-0: Foul Ball, location: 2F 0-1: Ball 1-1: Fly out, F8 (Flyball, 8RS, EV 83.1 MPH)
|
| Bottom of the 7th over - 1 run, 1 hit, 0 errors, 2 left on base; Mobile 6 - Charlotte 6 |
| TOP OF THE 8TH |
|
Mobile Bears batting - Pitching for Charlotte Hornets : RHP Dale Mohorcic
|
|
Batting: SHB Dave Cochrane
|
0-0: Called Strike 0-1: Ball 1-1: Fly out, F9 (Flyball, 9S, EV 80.6 MPH)
|
|
Batting: RHB Jose Aguirre
|
0-0: Called Strike 0-1: Ball 1-1: Fly out, F7 (Flyball, 7, EV 86.3 MPH)
|
|
Batting: RHB Rick Stromer
|
0-0: Ball 1-0: Ball 2-0: Called Strike 2-1: Called Strike 2-2: Ground out 4-3 (Groundball, 4M, EV 109.4 MPH)
|
| Top of the 8th over - 0 runs, 0 hits, 0 errors, 0 left on base; Mobile 6 - Charlotte 6 |
| BOTTOM OF THE 8TH |
|
Charlotte Hornets batting - Pitching for Mobile Bears : RHP Randy Ramirez
|
|
Batting: SHB Jose Mota
|
0-0: Called Strike 0-1: SINGLE (Flyball, 9LS, EV 97.5 MPH)
|
|
Batting: RHB John O'Rear
|
0-0: Called Strike 0-1: Swinging Strike 0-2: Ball 1-2: Strikes out swinging
|
|
Batting: RHB Reggie Baldwin
|
0-0: Ball Jose Mota steals 2nd base 1-0: SINGLE (Groundball, 6MD, EV 102.5 MPH) Jose Mota to third Runner from 3rd tries for Home, SAFE, throw by CF to home
|
|
Batting: RHB Charles Stafford
|
0-0: Swinging Strike 0-1: Foul Ball, location: 2F 0-2: Foul Ball, location: 2F 0-2: Ball 1-2: Ball 2-2: Foul Ball, location: 2F 2-2: Foul Ball, location: 2F 2-2: Ball 3-2: Fly out, F7 (Flyball, 7, EV 86.3 MPH)
|
|
Batting: RHB Juan Bonilla
|
0-0: Ball Reggie Baldwin is caught stealing 2nd base 2-4
|
| Bottom of the 8th over - 1 run, 2 hits, 0 errors, 0 left on base; Mobile 6 - Charlotte 7 |
| TOP OF THE 9TH |
|
Mobile Bears batting - Pitching for Charlotte Hornets : RHP Dale Mohorcic
|
|
Pinch Hitting: LHB Ken Smith
|
0-0: Ball 1-0: Called Strike 1-1: Ball 2-1: Foul Ball, location: 2F 2-2: Foul Ball, location: 2F 2-2: Ball 3-2: Fly out, F8 (Flyball, 8LM, EV 86.3 MPH)
|
|
Pinch Hitting: LHB Douglas Latrenta
|
0-0: Called Strike 0-1: Ball 1-1: Foul Ball, location: 2F 1-2: Ball 2-2: Ground out 5-3 (Groundball, 5L, EV 104.4 MPH)
|
|
Batting: RHB Jim Opie
|
0-0: Called Strike 0-1: Foul Ball, location: 2F 0-2: Foul Ball, location: 2F 0-2: Strikes out looking
|
| Top of the 9th over - 0 runs, 0 hits, 0 errors, 0 left on base; Mobile 6 - Charlotte 7 |
|